 Dungeon Crawl Stone Soup version 0.27-a0-562-g0d39f094a4 (webtiles) character file.

Game seed: 11697645015220099579

182491 Drazool the Impaler (level 17, 0/161 HPs)
             Began as a Minotaur Fighter on Mar 8, 2021.
             Was the Champion of Trog.
             Slain by a naga
             ... wielding a +0 halberd
              (13 damage)
             ... on level 4 of the Snake Pit on Mar 9, 2021.
             The game lasted 01:54:12 (27654 turns).

Drazool the Impaler (Minotaur Fighter)             Turns: 27654, Time: 01:54:13

Health: 0/161      AC: 14    Str: 43    XL:     17   Next: 71%
Magic:  0/21       EV: 11    Int:  8    God:    Trog [******]
Gold:   1698       SH:  0    Dex: 11    Spells: 16/16 levels left

rFire    + + .     SeeInvis +   J - +12 broad axe of Ru's Reproof {vorpal, rN+++ Str+3 Dex+3 Stlth-}
rCold    . . .     Faith    .   c - +1 kite shield
rNeg     + + +     Spirit   +   G - +4 moon troll leather armour {Spirit, Regen++ MP+5}
rPois    +         Reflect  +   O - +2 hat {Int+3}
rElec    +         Harm     .   v - scarf {rC+ rF+}
rCorr    .         Rampage  .   C - +0 pair of gloves "Jumucul" {rElec rPois}
Will     +....     Clarity  +   (no boots)
Stlth    ..........             N - amulet of Ponla {Reflect *Drain Str+8 Dex-4 SH+5}
HPRegen  2.36/turn              F - ring of see invisible
MPRegen  0.17/turn              D - ring of Qagg {Fire Str+6}

@: confused, mighty, lethally poisoned (0 -> 0), ambrosia-drunk, slowed,
constricted, very slow
A: horns 2, clarity, retaliatory headbutt
a: Renounce Religion, Berserk, Trog's Hand, Brothers in Arms


You were on level 4 of the Snake Pit.
You worshipped Trog.
Trog was exalted by your worship.
You visited 4 branches of the dungeon, and saw 27 of its levels.
You also visited: Gauntlet and Volcano.

You collected 2691 gold pieces.
You spent 993 gold pieces at shops.

Inventory:

Hand Weapons
 p - the +2 long sword "Otzyrosm" {antimagic, +Rage rF- Str+7 Stlth+}
   (You found it in a Gauntlet)

   It reduces the magical energy of the wielder, and disrupts the spells and
   magical abilities of those hit.
   Natural abilities and divine invocations are not affected.
   It affects your strength (+7).
   It makes you vulnerable to fire.
   It lets you go berserk.
   It makes you more stealthy.
 u - a +8 demon trident of freezing
 w - a +4 antimagic trident
 J - the +12 broad axe of Ru's Reproof (weapon) {vorpal, rN+++ Str+3 Dex+3 Stlth-}
   (You found it on level 4 of the Snake Pit)

   It inflicts extra damage upon your enemies.
   It affects your strength (+3).
   It affects your dexterity (+3).
   It renders you almost immune to negative energy.
   It makes you less stealthy.
Missiles
 o - 82 poisoned darts
 S - 45 silver javelins
 Y - 13 atropa-tipped darts (quivered)
Armour
 c - a +1 kite shield (worn)
 e - +3 acid dragon scales
 v - a scarf of resistance (worn)
 C - the +0 pair of gloves "Jumucul" (worn) {rElec rPois}
   (You bought it in a shop on level 2 of the Orcish Mines)

   It insulates you from electricity.
   It protects you from poison.
 G - the +4 moon troll leather armour (worn) {Spirit, Regen++ MP+5}
   (You took it off a wight on level 8 of the Dungeon)

   It affects your magic capacity (+5).
   It increases your rate of regeneration.
 O - a +2 hat of intelligence (worn)
Jewellery
 d - a ring of positive energy
 k - a ring of poison resistance
 l - a ring of protection from cold
 n - the amulet "Hucyrch" {RegenMP rF+ Str-5 Int+4}
   (You found it in a Gauntlet)

   [amulet of magic regeneration]

   It increases your magic regeneration.
   It affects your strength (-5).
   It affects your intelligence (+4).
   It protects you from fire.
 q - a ring of resist corrosion
 B - the ring "Kumets" {rF+ rC+ Str-5 Dex+2}
   (You found it in a Gauntlet)

   [ring of protection from fire]

   It affects your strength (-5).
   It affects your dexterity (+2).
   It protects you from fire.
   It protects you from cold.
 D - the ring of Qagg (right hand) {Fire Str+6}
   (You found it on level 8 of the Dungeon)

   [ring of fire]

   It enhances your fire magic.
   It affects your strength (+6).
   It protects you from fire.
   It makes you vulnerable to cold.
 F - a ring of see invisible (left hand)
 H - a ring of flight
 I - a ring of protection from fire
 M - a +6 ring of intelligence
 N - the amulet of Ponla (around neck) {Reflect *Drain Str+8 Dex-4 SH+5}
   (You bought it in a shop on level 2 of the Orcish Mines)

   [amulet of reflection]

   It shields you and reflects attacks.
   It affects your strength (+8).
   It affects your dexterity (-4).
   It causes draining when unequipped.
   It affects your SH (+5).
 T - a ring of protection from fire
Wands
 a - a wand of mindburst (29)
 h - a wand of random effects (25)
 m - a wand of iceblast (30)
 E - a wand of polymorph (14)
 Q - a wand of flame (53)
 R - a wand of paralysis (4)
 X - a wand of digging (10)
 Z - a wand of charming (13)
Scrolls
 b - 7 scrolls of magic mapping
 g - 8 scrolls of teleportation
 j - 5 scrolls of fear
 s - a scroll of blinking
 y - 7 scrolls of identify
 K - 4 scrolls of enchant armour
 P - 2 scrolls of summoning
 V - a scroll of fog
Potions
 f - 3 potions of ambrosia
 i - 14 potions of curing
 r - a potion of might
 t - 8 potions of lignification
 x - a potion of invisibility
 z - 4 potions of berserk rage
 A - 3 potions of haste
 L - 4 potions of resistance
 W - 4 potions of flight


   Skills:
 - Level 17.1 Fighting
 + Level 9.2(14.7) Axes
 - Level 18.0(18.6) Polearms
 - Level 8.0 Throwing
 - Level 17.2 Armour
 - Level 8.4 Dodging
 - Level 17.1 Shields


You had 16 spell levels left.
You didn't know any spells.
Your spell library was empty.

Dungeon Overview and Level Annotations

Branches:
Dungeon (15/15)            Temple (0/1) D:6            Lair (6/6) D:10
 Shoals (0/4) Lair:2        Snake (4/4) Lair:4        Slime (0/5) Lair:6
    Orc (2/2) D:10            Elf (0/3) Orc:2        Vaults (0/5) D:14
 Depths (0/5) D:15        Volcano (visited)         Gauntlet (visited)

Altars:
Ashenzari
Dithmenos
Elyvilon
Gozag
Hepliaklqana
Makhleb
Trog
Xom
The Shining One

Shops:
D:6 !   D:9 [   Orc:1 !   Orc:2 =*[(   Snake:1 (

Annotations:
D:9 2 runed translucent doors
Lair:3 exclusion: 2 oklob plants


Innate Abilities, Weirdness & Mutations

You have a pair of horns on your head.
You reflexively headbutt those who attack you in melee.
You possess an exceptional clarity of mind.


Message History

The naga hits you from afar with a +3 trident.
* * * LOW HITPOINT WARNING * * *
The naga hits you from afar with a +0 halberd!
* * * LOW HITPOINT WARNING * * *
The guardian serpent hits you!
* * * LOW HITPOINT WARNING * * *
The naga mage gestures at you while chanting.
The lance of force misses you.
The lance of force hits the naga!!
The naga dies!
The naga warrior hits you from afar with a +0 halberd.
* * * LOW HITPOINT WARNING * * *
A naga comes into view. It is wielding a +0 war axe.
The nagaraja spits poison at you. The splash of poison hits you.
You are more poisoned.
You resist.
* * * LOW HITPOINT WARNING * * *
Okay, then.
You feel very mighty all of a sudden.
You feel sick.
The anaconda dies!
The anaconda barely misses you. The anaconda constricts you.
A guardian serpent comes into view.
The guardian serpent hits you!
* * * LOW HITPOINT WARNING * * *
A splash of poison appears from out of your range of vision.
The splash of poison hits your iron troll but does no damage.
Your iron troll looks as sick as possible!
The anaconda bites you but does no damage.
* * * LOW HITPOINT WARNING * * *
The anaconda constricts you. The naga mage spits poison at you.
The splash of poison hits you. You resist.
* * * LOW HITPOINT WARNING * * *
The guardian serpent casts a spell at you.
The naga mage blinks!
The naga mage gestures at you while chanting.
You easily resist.
The naga hits you from afar with a +0 halberd!
You die...

..##..................#...
...##.................###.
..N.##............<.....##
....)##..(................
S.T.##..................
#)).##.................
#)NN##................
#)NS#N...............
##NN@N#..............
#)NSN#..............
#N))#.......#########
#.§.##......##
#...##.......# S...#
.......# ....# .......#
...# ........# ..#


You could see a naga warrior, 3 nagarajas, a salamander mystic, an anaconda, 2
guardian serpents, a black mamba, 2 naga magi, 4 nagas and a friendly iron troll
(summoned, extremely poisoned, slow).

Vanquished Creatures
  Gastronok (Orc:1)
  Kirke (D:15)
  Donald (Orc:2)
  A storm dragon (D:15)
  A daeva (D:14)
  3 nagarajas
  Aizul (Snake:4)
  A frost giant (D:15)
  A balrug (Gauntlet)
  The ghost of burt the Thaumaturge, a journeyman DrCj of Vehumet (Orc:1)
  An orc warlord (Orc:2)
  The ghost of Eteoggu the Protected, a journeyman FoFi of Cheibriados (D:14)
  The ghost of davenfal the Severer, a journeyman MiFi of Okawaru (Lair:5)
  The ghost of Jenurgh the Devastator, a journeyman DECj of Sif Muna (D:14)
  The ghost of Sennair the Protected, a journeyman FoFi of Cheibriados (D:14)
  Nessos (Orc:2)
  The ghost of Juagon the Basher, a journeyman FoAK of Lugonu (D:14)
  3 minotaurs
  An ettin (D:15)
  The ghost of Drazool the Protected, a journeyman DsGl of Wu Jian (Lair:3)
  Josephine (D:11)
  A fire dragon (Volcano)
  4 vault guards (D:14)
  A rakshasa (D:15)
  9 naga warriors
  8 hydras
  3 boulder beetles
  A death knight (D:13)
  5 catoblepae
  7 anacondas
  4 centaur warriors
  Erica (Lair:1)
  9 two-headed ogres
  13 death yaks
  Urug (Lair:2)
  4 tengu warriors
  A deep elf knight (D:14)
  8 naga sharpshooters
  3 orc high priests (Orc:2)
  4 shock serpents
  A skeletal warrior (D:13)
  A wretched star (Gauntlet)
  3 salamander mystics
  3 sea snakes (Snake:2)
  A deep troll (D:15)
  3 unseen horrors
  4 naga ritualists
  A lindwurm (Lair:6)
  7 orc knights
  3 wizards
  3 phantasmal warriors
  12 mana vipers
  6 orc sorcerers
  Pikel (D:5)
  A deep elf pyromancer (D:12)
  13 salamanders
  2 cyclopes
  27 black mambas
  2 manticores (Lair:6)
  4 guardian serpents
  A merfolk siren (Lair:2)
  Maurice (D:11)
  9 elephants
  14 cane toads
  10 naga magi
  2 gargoyles
  7 centaur skeletons
  2 kobold demonologists (D:15)
  14 komodo dragons
  7 rime drakes
  9 yaktaurs (D:12)
  3 freezing wraiths
  2 tengu conjurers
  7 trolls
  4 polar bears
  3 meliai (D:15)
  A hornet (D:8)
  4 blink frogs (Lair:3)
  Grinder (D:4)
  5 slime creatures
  5 dream sheep (Lair:6)
  The ghost of foci the Chopper, an amateur GrFi of the Shining One (D:5)
  A shadow (D:10)
  A water elemental (D:12)
  A yak (shapeshifter) (D:15)
  Eustachio (D:5)
  5 wraiths
  57 yaks
  A human (D:14)
  A vampire (D:15)
  9 wyverns
  3 hogs (D:15)
  4 basilisks
  5 fire bats (Volcano)
  A neqoxec (Gauntlet)
  3 wargs (Orc:2)
  4 steam dragons
  Menkaure (D:5)
  An acid dragon (D:8)
  50 nagas
  13 water moccasins
  39 orc warriors
  A black bear (D:10)
  A hornet zombie (D:13)
  5 ice beasts
  8 sky beasts
  10 ogres
  2 necrophages
  15 centaurs
  A phantom (D:13)
  Blork the orc (D:4)
  3 kobold brigands
  19 bullfrogs
  2 gnoll sergeants (D:9)
  10 scorpions
  3 wyvern skeletons
  A water moccasin skeleton (D:8)
  2 killer bees (D:9)
  31 wights
  2 howler monkeys (D:9)
  4 electric eels
  3 centaur zombies
  A lava snake (Snake:3)
  7 jellies
  Crazy Yiuf (D:4)
  A bullfrog zombie (D:12)
  14 hounds
  6 iguanas
  29 orc priests
  Ijyb (D:3)
  12 worker ants
  22 orc wizards
  A killer bee zombie (D:5)
  2 hound zombies
  4 hound skeletons
  A worker ant zombie (D:11)
  21 gnolls
  A river rat (D:10)
  11 adders
  4 shadow imps
  2 white imps
  An ufetubus (D:5)
  3 oozes
  An adder zombie (D:9)
  2 adder skeletons
  4 worms
  2 dart slugs
  9 leopard geckos
  80 orcs
  8 bats
  4 giant cockroaches
  3 goblins
  7 hobgoblins
  8 jackals
  7 quokkas
  2 ball pythons
  3 frilled lizards
  A jackal skeleton (D:8)
  A jackal zombie (D:8)
  14 kobolds
  A leopard gecko zombie (D:8)
  A quokka zombie (D:6)
  7 rats
957 creatures vanquished.

Vanquished Creatures (collateral kills)
  A nagaraja (Snake:4)
  3 anacondas (Snake:4)
  A naga sharpshooter (Snake:4)
  2 naga ritualists (Snake:4)
  A mana viper (Snake:4)
  An orc sorcerer (Orc:1)
  A salamander (Snake:3)
  A komodo dragon (Volcano)
  5 nagas
  3 orc warriors (Orc:1)
  2 orcs (Orc:1)
21 creatures vanquished.

Vanquished Creatures (others)
  An anaconda (Snake:4)
  A naga (Snake:4)
  A kobold brigand (D:10)
  A bullfrog (D:10)
  A lava snake (Snake:3)
  A hound (D:10)
  An orc wizard (D:10)
  An ufetubus (D:10)
  8 fungi
  60 plants
  2 withered plants (D:14)
78 creatures vanquished.

Grand Total: 1056 creatures vanquished

Notes
Turn   | Place    | Note
-------+----------+-------------------------------------------
     0 | D:1      | Drazool the Minotaur Fighter began the quest for the Orb.
     0 | D:1      | Reached XP level 1. HP: 19/19 MP: 0/0
   237 | D:1      | Reached XP level 2. HP: 25/27 MP: 1/1
   795 | D:2      | Reached skill level 3 in Polearms
   798 | D:2      | Found a shimmering altar of Xom.
   833 | D:2      | Reached XP level 3. HP: 28/33 MP: 2/2
  1326 | D:3      | Reached XP level 4. HP: 35/40 MP: 3/3
  1380 | D:3      | Noticed Ijyb
  1389 | D:3      | Killed Ijyb
  1704 | D:3      | Reached skill level 4 in Polearms
  1963 | D:3      | Reached XP level 5. HP: 47/47 MP: 4/4
  2357 | D:4      | Noticed Blork the orc
  2359 | D:4      | Noticed an ogre
  2574 | D:4      | Reached skill level 5 in Armour
  2574 | D:4      | Reached XP level 6. HP: 33/55 MP: 5/5
  2582 | D:4      | Reached skill level 5 in Polearms
  2743 | D:4      | Noticed Grinder
  2748 | D:4      | Paralysed by Grinder for 5 turns
  2758 | D:4      | HP: 1/55 [Grinder (5)]
  2759 | D:4      | Killed Grinder
  2760 | D:4      | Reached skill level 5 in Fighting
  2760 | D:4      | Reached skill level 5 in Shields
  3127 | D:4      | Killed Blork the orc
  3128 | D:4      | Reached XP level 7. HP: 50/61 MP: 6/6
  3212 | D:4      | Reached skill level 6 in Polearms
  3439 | D:4      | Found a runed translucent door.
  3440 | D:4      | Noticed Crazy Yiuf
  3553 | D:4      | Killed Crazy Yiuf
  3602 | D:5      | Entered Level 5 of the Dungeon
  3721 | D:5      | Noticed Eustachio
  3944 | D:5      | Noticed Pikel
  3948 | D:5      | Killed Eustachio
  3949 | D:5      | Reached skill level 7 in Polearms
  3961 | D:5      | Killed Pikel
  3962 | D:5      | Reached skill level 8 in Polearms
  3962 | D:5      | Reached XP level 8. HP: 28/71 MP: 7/7
  4241 | D:5      | Found a bloodstained altar of Trog.
  4274 | D:5      | Noticed Menkaure
  4282 | D:5      | Killed Menkaure
  4429 | D:5      | Noticed foci's ghost (amateur GrFi)
  4432 | D:5      | Found the +9 staff of Olgreb {rPois∞}
  4453 | D:5      | Found a transporter.
  4461 | D:5      | Found a transporter.
  4668 | D:5      | Killed foci's ghost
  4669 | D:5      | Reached skill level 9 in Polearms
  4673 | D:5      | Identified the +1 leather armour of Altruism {rElec rCorr
                  | Dex+2}
  4827 | D:6      | Found a burning altar of Makhleb.
  4827 | D:6      | Found an opulent altar of Gozag.
  4827 | D:6      | Found a white marble altar of Elyvilon.
  4852 | D:5      | Became a worshipper of Trog the Wrathful
  4907 | D:6      | Reached XP level 9. HP: 79/79 MP: 8/8
  4913 | D:6      | Found Vuocol's Distillery.
  4921 | D:6      | Bought a potion of heal wounds for 60 gold pieces
  5713 | D:6      | Found a staircase to the Ecumenical Temple.
  5715 | D:6      | Found a faded altar of an unknown god.
  6022 | D:7      | Found a shadowy altar of Dithmenos.
  6099 | D:7      | Noticed a boulder beetle
  6099 | D:7      | You fall into a shaft and drop 1 floor!
  6124 | D:8      | Found a white marble altar of Elyvilon.
  6181 | D:8      | Noticed a troll
  6192 | D:8      | Killed a troll
  6193 | D:8      | Reached skill level 10 in Polearms
  6327 | D:8      | Reached * piety under Trog
  6345 | D:8      | Paralysed by a hornet for 2 turns
  6375 | D:8      | Noticed a freezing wraith
  6574 | D:8      | Killed an unseen horror
  6575 | D:8      | Reached skill level 11 in Polearms
  6575 | D:8      | Reached XP level 10. HP: 30/90 MP: 9/9
  6822 | D:8      | Identified the ring of Qagg {Fire Str+6}
  7101 | D:8      | Identified the +6 hand crossbow of Articulation {flame,
                  | +Inv +Fly Str-4 Stlth+}
  8018 | D:9      | Reached ** piety under Trog
  8099 | D:9      | Reached skill level 12 in Polearms
  8340 | D:9      | Noticed a wizard
  8340 | D:9      | Noticed an ice dragon
  8340 | D:9      | Noticed a deep troll
  8340 | D:9      | Noticed a four-headed hydra
  8342 | D:9      | Noticed a two-headed ogre
  8352 | D:9      | Killed a four-headed hydra
  8355 | D:9      | Banished an ice dragon
  8363 | D:9      | Banished a deep troll
  8364 | D:9      | Reached XP level 11. HP: 18/99 MP: 2/10
  8407 | D:9      | Killed a two-headed ogre
  8408 | D:9      | Reached skill level 10 in Fighting
  8408 | D:9      | Reached skill level 10 in Armour
  8408 | D:9      | Reached skill level 10 in Shields
  8500 | D:9      | Killed a wizard
  8501 | D:9      | Reached skill level 13 in Polearms
  8540 | D:9      | Found a large runed translucent door.
  8540 | D:9      | Found a large runed translucent door.
  8553 | D:9      | Found Xofaesoth's Antique Armour Shoppe.
  8559 | D:9      | Found a hazy altar of Hepliaklqana.
  8608 | D:9      | Found a broken altar of Ashenzari.
  8700 | D:9      | Found a large runed translucent door.
  8700 | D:9      | Found a large runed translucent door.
  8791 | D:9      | Noticed a wizard
  8796 | D:9      | Killed a wizard
  8800 | D:9      | Identified the +0 plate armour of a sewer {*Contam Rampage
                  | rCorr Int+6}
  8982 | D:9      | Reached *** piety under Trog
  9001 | D:9      | Identified the +6 spear of Jowkahir {freeze, rF- rC+ Will+
                  | Int+4}
  9133 | D:9      | Noticed an eight-headed hydra
  9147 | D:9      | Killed an eight-headed hydra
  9240 | D:10     | Entered Level 10 of the Dungeon
  9240 | D:10     | Found a staircase to the Orcish Mines.
  9240 | D:10     | Noticed a tengu warrior
  9240 | D:10     | Noticed a tengu warrior
  9306 | D:10     | Killed a tengu warrior
  9316 | D:10     | Killed a tengu warrior
  9364 | D:10     | Identified the +0 scale mail of Fallacy {rF+ Will++ Int-5
                  | Stlth+}
  9422 | D:10     | Noticed a two-headed ogre
  9434 | D:10     | Killed a two-headed ogre
  9435 | D:10     | Reached skill level 14 in Polearms
  9561 | D:10     | Found a shimmering altar of Xom.
  9730 | D:10     | Noticed a two-headed ogre
  9750 | D:10     | Killed a two-headed ogre
  9829 | D:10     | Noticed a death yak
  9833 | D:10     | Noticed a death yak
  9835 | D:10     | Noticed a four-headed hydra
  9848 | D:10     | Killed a four-headed hydra
  9849 | D:10     | Reached XP level 12. HP: 102/110 MP: 11/11
  9852 | D:10     | Killed a death yak
  9892 | D:10     | Found a staircase to the Lair.
  9901 | D:10     | Noticed a death yak
  9926 | D:10     | Killed a death yak
  9938 | D:10     | Killed a death yak
 10025 | D:10     | Reached **** piety under Trog
 10109 | Lair:1   | Entered Level 1 of the Lair of Beasts
 10266 | Lair:1   | Noticed Erica
 10278 | Lair:1   | Killed Erica
 10409 | Lair:1   | Reached skill level 15 in Polearms
 10537 | Lair:1   | Identified the +0 buckler of Soft Rains {-Cast +Blink
                  | Dex+2}
 10619 | Lair:2   | Noticed an eight-headed hydra
 10628 | Lair:2   | Killed an eight-headed hydra
 10785 | Lair:2   | Noticed Urug
 10800 | Lair:2   | Killed Urug
 11006 | Lair:2   | Found a staircase to the Shoals.
 11135 | Lair:2   | Noticed a seven-headed hydra
 11144 | Lair:2   | Killed a seven-headed hydra
 11441 | Lair:3   | Noticed Drazool's ghost (journeyman DsGl)
 11445 | Lair:3   | Found a runed translucent gate.
 11445 | Lair:3   | Found a runed translucent gate.
 11462 | Lair:3   | Found a runed translucent gate.
 11716 | Lair:3   | Noticed a four-headed hydra
 11723 | Lair:3   | Killed a four-headed hydra
 11724 | Lair:3   | Reached XP level 13. HP: 113/118 MP: 12/12
 11830 | Lair:3   | Reached skill level 16 in Polearms
 11937 | Lair:3   | Reached ***** piety under Trog
 12432 | Lair:3   | Killed Drazool's ghost
 12718 | Lair:4   | Found a staircase to the Snake Pit.
 13097 | Lair:4   | You fall into a shaft and drop 2 floors!
 13097 | Lair:6   | Entered Level 6 of the Lair of Beasts
 13128 | Lair:6   | Reached skill level 1 in Throwing
 13534 | Lair:6   | Found a staircase to the Slime Pits.
 13775 | Lair:6   | Found a dark tunnel.
 13816 | Volcano  | Entered a volcano
 14241 | Volcano  | Reached skill level 17 in Polearms
 14241 | Volcano  | Reached XP level 14. HP: 91/129 MP: 13/13
 14918 | Lair:5   | Found a large runed translucent door.
 14919 | Lair:5   | Found a large runed translucent door.
 14922 | Lair:5   | Noticed davenfal's ghost (journeyman MiFi)
 15779 | Lair:5   | Killed davenfal's ghost
 16057 | Lair:6   | Reached skill level 5 in Throwing
 16063 | Lair:6   | Received a gift from Trog
 16841 | D:11     | Noticed Maurice
 16856 | D:11     | Killed Maurice
 17066 | D:11     | Noticed Josephine
 17070 | D:11     | Killed Josephine
 17076 | D:11     | Reached skill level 1 in Axes
 17595 | D:12     | Reached ****** piety under Trog
 17730 | D:12     | Received a gift from Trog
 18013 | D:12     | Reached XP level 15. HP: 102/139 MP: 11/14
 18172 | D:12     | Identified the Volume of Lethal Shape Shifting
 18174 | D:12     | Found the +6 arbalest "Damnation" {damnation}
 18495 | Orc:1    | Entered Level 1 of the Orcish Mines
 18495 | Orc:1    | Found a runed translucent door.
 18495 | Orc:1    | Noticed burt's ghost (journeyman DrCj)
 18495 | Orc:1    | Noticed Gastronok
 18509 | Orc:1    | Killed Gastronok
 18570 | Orc:1    | Found Itapp's Distillery.
 18609 | Orc:1    | Bought a potion of heal wounds for 50 gold pieces
 18609 | Orc:1    | Bought a potion of heal wounds for 50 gold pieces
 18609 | Orc:1    | Gained mutation: You are weak. (Str -2) [potion of
                  | mutation]
 18609 | Orc:1    | Lost mutation: You are weak. (Str -2) [potion of mutation]
 18609 | Orc:1    | Gained mutation: You possess an exceptional clarity of
                  | mind. [potion of mutation]
 18884 | Orc:1    | Killed burt's ghost
 18990 | Orc:1    | Identified the ring of Ebivoukk {Fire rPois Int+4 Stlth-}
 19053 | Orc:2    | Entered Level 2 of the Orcish Mines
 19521 | Orc:2    | Noticed Nessos
 19525 | Orc:2    | Killed Nessos
 19525 | Orc:2    | Received a gift from Trog
 19563 | Orc:2    | Found a staircase to the Elven Halls.
 19575 | Orc:2    | Identified the +0 kite shield of the Bulwark {rElec Will-
                  | Str+2}
 19575 | Orc:2    | Noticed Donald
 19603 | Orc:2    | Killed Donald
 19604 | Orc:2    | Reached skill level 5 in Axes
 19654 | Orc:2    | Reached skill level 15 in Armour
 19759 | Orc:2    | Noticed an orc warlord
 19770 | Orc:2    | Killed an orc warlord
 19892 | Orc:2    | Found Lyirouch's General Store.
 19893 | Orc:2    | Found Pier's Jewellery Boutique.
 19895 | Orc:2    | Found Gelar's Antique Armour Shop.
 19895 | Orc:2    | Found Pocasus's Antique Weapon Shop.
 19900 | Orc:2    | Bought a pair of distressingly furry gloves for 171 gold
                  | pieces
 19900 | Orc:2    | Identified the +0 pair of gloves "Jumucul" {rElec rPois}
                  | (You bought it in a shop on level 2 of the Orcish Mines)
 19921 | Orc:2    | Bought a scroll of blinking for 105 gold pieces
 19923 | Orc:2    | Bought the amulet of Ponla {Reflect *Drain Str+8 Dex-4
                  | SH+5} for 557 gold pieces
 20225 | Orc:2    | Received a gift from Trog
 20397 | Orc:2    | Reached skill level 15 in Fighting
 20397 | Orc:2    | Reached skill level 15 in Shields
 20934 | D:13     | Found a hazy altar of Hepliaklqana.
 21701 | D:14     | Found a glowing golden altar of the Shining One.
 21701 | D:14     | Noticed a daeva
 21704 | D:14     | Found a runed translucent door.
 21750 | D:14     | Identified the +3 leather armour of Qaen Odigove {rF+ rC-
                  | Regen+ Stlth+}
 21809 | D:14     | Received a gift from Trog
 21817 | D:14     | Found a gate leading to a gauntlet.
 21826 | D:14     | Identified the +4 scale mail of Dim Light {rN++ Will- Int+4
                  | Stlth+}
 21836 | Gauntlet | Entered a Gauntlet
 21836 | Gauntlet | Found a transporter.
 21839 | Gauntlet | Found a transporter.
 21855 | Gauntlet | Found a transporter.
 21859 | Gauntlet | Found a transporter.
 21874 | Gauntlet | Found a transporter.
 21892 | Gauntlet | Found a transporter.
 21895 | Gauntlet | Found a transporter.
 21899 | Gauntlet | Found a transporter.
 21922 | Gauntlet | Found a transporter.
 21930 | Gauntlet | Found a transporter.
 21930 | Gauntlet | Found a transporter.
 21938 | Gauntlet | Found a transporter.
 22032 | Gauntlet | Reached skill level 1 in Dodging
 22034 | Gauntlet | Identified the amulet "Hucyrch" {RegenMP rF+ Str-5 Int+4}
 22036 | Gauntlet | Identified the +2 long sword "Otzyrosm" {antimagic, +Rage
                  | rF- Str+7 Stlth+}
 22061 | Gauntlet | Identified the ring "Kumets" {rF+ rC+ Str-5 Dex+2}
 22359 | D:14     | Found a gate to the Vaults.
 22392 | D:14     | Reached XP level 16. HP: 149/149 MP: 15/15
 22480 | D:14     | Found a runed translucent gate.
 22481 | D:14     | Found a runed translucent gate.
 22482 | D:14     | Found a runed translucent gate.
 22483 | D:14     | Noticed Juagon's ghost (journeyman FoAK)
 22483 | D:14     | Noticed Eteoggu's ghost (journeyman FoFi)
 22484 | D:14     | Noticed Sennair's ghost (journeyman FoFi)
 22484 | D:14     | Noticed Jenurgh's ghost (journeyman DECj)
 22798 | D:15     | Entered Level 15 of the Dungeon
 22968 | D:15     | Found a staircase to the Depths.
 23036 | D:15     | Noticed Kirke
 23047 | D:15     | Noticed a sphinx
 23062 | D:15     | Noticed a sphinx
 23199 | D:14     | Killed Eteoggu's ghost
 23199 | D:14     | Received a gift from Trog
 23208 | D:14     | Killed Jenurgh's ghost
 23212 | D:14     | Killed Juagon's ghost
 23219 | D:14     | Killed Sennair's ghost
 23369 | D:15     | Killed Kirke
 23583 | D:15     | Found a runed translucent door.
 23584 | D:15     | Noticed a storm dragon
 23587 | D:15     | Reached skill level 5 in Dodging
 23610 | D:15     | Killed a storm dragon
 23614 | D:15     | Identified the +5 lajatang of Vuolea Lant {vorpal, Int+4}
 24058 | Snake:1  | Entered Level 1 of the Snake Pit
 24300 | Snake:1  | Received a gift from Trog
 24589 | Snake:1  | Found Vauppay's Weapon Shop.
 25435 | Snake:2  | Identified the Disquisition on the Blaze
 25750 | Snake:2  | Reached XP level 17. HP: 158/160 MP: 16/16
 26097 | Snake:3  | Received a gift from Trog
 26495 | Snake:3  | Identified the +8 shortbow of Jootauro {venom, Will+ Str+4}
 27264 | Snake:4  | Entered Level 4 of the Snake Pit
 27278 | Snake:4  | Noticed Aizul
 27289 | Snake:4  | Killed Aizul
 27289 | Snake:4  | Received a gift from Trog
 27316 | Snake:4  | Reached skill level 18 in Polearms
 27419 | Snake:4  | Identified the +12 broad axe of Ru's Reproof {vorpal, rN+++
                  | Str+3 Dex+3 Stlth-}
 27654 | Snake:4  | Slain by a naga

Illustrated notes

Levels and vault maps discovered:
D:1:      dpeg_arrival_rhombi, layout_basic, minmay_misc_feat_five
D:2:      layout_rooms, xom_butterflies
D:3:      layout_basic, grunt_ministairs_3, uniq_ijyb
D:4:      layout_cave_pools, kennysheep_small_square, uniq_crazy_yiuf_cottage,
          uniq_blork_the_orc, uniq_grinder
D:5:      layout_rooms, lemuel_crystal_altar, gammafunk_ghost_arena,
          uniq_eustachio, uniq_menkaure, uniq_pikel
D:6:      layout_basic, chequers_temple_overflow_statue_of_worship,
          nicolae_temple_entry_ecumenical, serial_shops, shop
D:7:      layout_rooms, minmay_misc_feat_plants, nicolae_dithmenos_shadow_blocks
D:8:      minmay_the_grid_octo_tiled_squarecenter
          [minmay_the_grid_octo_clover_2, minmay_the_grid_octo_focus,
          minmay_the_grid_octo_thin_diamonds, minmay_the_grid_octo_pinwheel,
          minmay_the_grid_square_5x5_megaprize_open,
          minmay_the_grid_square_5x5_hourglass,
          minmay_the_grid_square_5x5_slash, minmay_the_grid_square_5x5_minimal,
          minmay_the_grid_square_5x5_three_walls], layout_basic, serial_bayou,
          serial_bayou_pond_b, serial_bayou_crossing, serial_bayou_pond_e,
          serial_bayou_shore_a, elyvilon_altar_1
D:9:      layout_roguey, serial_shops, shop, hangedman_feature_mirror,
          minivault_25_ag, minmay_hollow_rounded_squares
D:10:     layout_loops_ring, dpeg_lair_monsters, orc_0_dummy,
          xom_confusion_cloud
D:11:     layout_roguey, uniq_josephine, uniq_maurice
D:12:     fort_yaktaur, layout_rooms, st_stairs_4
D:13:     layout_layer_cave, basic_altar, amcnicky_mini_pool_small
D:14:     layout_long_grid, grunt_vaults_entry_fortified, minivault_19,
          gammafunk_ghost_cemetery, gauntlet_entry_generic, lemuel_angel_altar
D:15:     hangedman_depths_entry_civil_slaughter, layout_irregular_city,
          kennysheep_doodads, kennysheep_treasure_room, uniq_kirke
Lair:1:   layout_misc_corridors, serial_bayou_shore_b, uniq_erica
Lair:2:   layout_hall_layers, minmay_shoals_entry_lonely_mermaid,
          grunt_megastairs_3, uniq_urug
Lair:3:   layout_cave_pods, gammafunk_ghost_split, minmay_lair_oklob_chamber,
          infiniplex_staircase_pool_2, serial_bayou_shore_b
Lair:4:   layout_cave_pods, guppyfry_snake_entry_island, minivault_27,
          lemuel_fruit_fields
Lair:5:   layout_cave_shapes, ebering_ghost_disaster_area
Lair:6:   evilmike_catoblepas_cave, layout_long_grid,
          minmay_slime_entry_pillars, nicolae_volcano_entry_vermiform,
          grunt_forest_stairs_basic, cheibrodos_lair_lostbears
Snake:1:  layout_chambers, grunt_ministairs_1, st_stairs_11, minmay_shop_star
Snake:2:  nicolae_sea_snake_s, layout_misc_corridors, grunt_megastairs_1
Snake:3:  layout_onion_interference, nicolae_snake_shapes, serial_bayou_shore_b
Snake:4:  johnstein_snake_rune_scales, layout_cave_town, uniq_aizul,
          uniq_asterion
Orc:1:    layout_caves, gammafunk_ghost_grave, serial_shops,
          nicolae_shop_temple_entry_statues_fountains, abandoned_shop,
          uniq_gastronok
Orc:2:    st_orc_congregation, layout_caves, mines4_lemuel, uniq_nessos,
          uniq_donald

Skill      XL: |  1  2  3  4  5  6  7  8  9 10 11 12 13 14 15 16 17 |
---------------+----------------------------------------------------+-----
Armour         | 4 5 6 7 8 9 11 12 13 14 15 16 17 | 17.2
Fighting       | 4 5 6 7 8 9 11 12 13 14 15 16 17 | 17.1
Shields        | 4 5 6 7 8 9 11 12 13 14 15 16 17 | 17.1
Polearms       | 3 4 5 8 9 11 12 14 15 17 18 | 18.0
Throwing       | 3 6 8 |  8.0
Axes           | 3 6 9 |  9.2
Dodging        | 2 7 8 |  8.4

Action                   |  1- 3 |  4- 6 |  7- 9 | 10-12 | 13-15 | 16-18 || total
-------------------------+-------+-------+-------+-------+-------+-------++-------
Melee: Trident           |   101 |   125 |   290 |   312 |       |       ||   828
       Headbutt          |    12 |    18 |    51 |   154 |   422 |   108 ||   765
       Spear             |       |       |       |   359 |  1296 |       ||  1655
       Demon trident     |       |       |       |       |   344 |   642 ||   986
       Battleaxe         |       |       |       |       |    13 |       ||    13
       Unarmed           |       |       |       |       |       |     2 ||     2
       Broad axe         |       |       |       |       |       |    50 ||    50
Throw: Boomerang         |       |    27 |       |       |       |       ||    27
       Dart              |       |     7 |     4 |    25 |    10 |     1 ||    47
Invok: Trog's Hand       |       |       |       |     2 |     7 |     2 ||    11
       Berserk           |       |       |       |     1 |       |       ||     1
       Brothers in Arms  |       |       |       |       |     3 |     3 ||     6
Evoke: Wand              |       |       |     1 |       |     1 |     1 ||     3
  Use: Scroll            |     5 |     3 |     7 |    10 |    14 |     4 ||    43
       Potion            |       |     3 |     3 |     3 |     1 |     6 ||    16
 Stab: Paralysed         |       |       |     5 |       |       |       ||     5
       Invisible         |       |       |       |     2 |     1 |       ||     3
       Distracted        |       |       |       |     1 |       |       ||     1
       Petrified         |       |       |       |       |     8 |       ||     8
       Petrifying        |       |       |       |       |     2 |       ||     2
Armor: Scale mail        |    36 |    30 |       |       |     9 |       ||    75
       Ring mail         |       |     1 |    80 |     3 |       |       ||    84
       Troll leather arm |       |       |       |    62 |   129 |    76 ||   267
Dodge: Dodged            |    18 |    22 |    68 |    75 |   172 |   116 ||   471
Block: Kite shield       |    37 |    76 |   227 |   318 |   731 |   431 ||  1820
       Reflection        |       |     1 |     4 |    13 |    51 |    81 ||   150
       Other             |       |       |       |       |    10 |     1 ||    11

Table legend: (Time is in decaauts)
 A = Elapsed time spent in this place.
 B = Non-inter-level travel time spent in this place.
 C = Inter-level travel time spent in this place.
 D = Time resting spent in this place.
 E = Time spent auto-exploring this place.
 F = Levels seen in this place.
 G = Mean time per level.
                   A        B        C        D        E       F      G
               +--------+--------+--------+--------+--------+-----+--------+
         Total |  26723 |  25251 |   1472 |    466 |  19258 |  29 |  921.5 |
       Dungeon |  14852 |  13957 |    895 |    338 |  10461 |  15 |  990.1 |
          Lair |   5352 |   4968 |    384 |     77 |   4049 |   6 |  892.0 |
     Snake Pit |   3355 |   3273 |     82 |      0 |   2654 |   4 |  838.8 |
  Orcish Mines |   1991 |   1881 |    110 |     51 |   1220 |   2 |  995.5 |
       Volcano |    879 |    879 |      0 |      0 |    667 |   1 |  879.0 |
      Gauntlet |    292 |    292 |      0 |      0 |    206 |   1 |  292.0 |
               +--------+--------+--------+--------+--------+-----+--------+

Top non-repeatable levels by time:
     D:8: 1943 daAuts
     D:4: 1343 daAuts
  Lair:6: 1317 daAuts
   Orc:2: 1306 daAuts
     D:3: 1223 daAuts
     D:9: 1184 daAuts
 Snake:1: 1172 daAuts
  Lair:3: 1155 daAuts
 Snake:3: 1131 daAuts
     D:5: 1117 daAuts
    D:14: 1062 daAuts
    D:12: 1026 daAuts
  Lair:4: 1021 daAuts
     D:6: 981 daAuts
    D:13: 899 daAuts
